AoeStats
← Commander-Maximus

Arabian Desert

510722184Analyzed
1v1 RM · 1d ago on Oct 2, 2026· 53m 55s· 2 players
Game mode
Random Map
Map size
Tiny (2 player)
Population
200
Speed
Normal
Resources
Standard
Victory
Conquest
Starting age
Dark Age
Ending age
Imperial Age
RankedLock teamsTeams togetherTeam positionsShared explorationLock speedFull tech treeHidden civsTurbo modeCheats
Victory
Defeat
🇪🇸 Hindustanis · Spain
1082
+16
🇨🇦 Malians · Canada
1090
-16
marce
2:45 Loom
8:49 Feudal Age
9:29 Double-Bit Axe
11:57 Man-at-Arms
14:39 Arson
15:45 Wheelbarrow
19:15 Fletching
22:43 Castle Age
20:54 Stone Mining
20:58 Horse Collar
22:49 Crossbowman
27:42 Hand Cart
28:38 Grand Trunk Road
34:22 Gold Mining
36:08 Gold Shaft Mining
35:46 Bow Saw
35:44 Heavy Plow
37:11 Squires
37:40 Pikeman
42:03 Scale Mail Armor
42:13 Forging
45:39 Imperial Age
45:07 Town Watch
45:40 Chain Mail Armor
46:00 Iron Casting
46:04 Elite Ghulam
47:05 Conscription
48:42 Blast Furnace
53:33 Two-Man Saw
Commander-Maximus
6:08 Loom
9:16 Feudal Age
9:51 Double-Bit Axe
16:41 Fletching
17:29 Gold Mining
19:32 Wheelbarrow
20:54 Padded Archer Armor
25:33 Castle Age
23:51 Scale Barding Armor
26:06 Forging
25:40 Crossbowman
26:43 Bloodlines
27:46 Bodkin Arrow
29:02 Thumb Ring
30:47 Chain Barding Armor
31:16 Iron Casting
33:00 Bow Saw
34:17 Husbandry
41:33 Hand Cart
41:22 Horse Collar
49:45 Imperial Age
51:39 Hoardings
52:34 Leather Archer Armor
53:35 Conscription
53:22 Tigui
Connection lost

Rejoining the realm…

Still unreachable

The connection could not be restored.

Session expired

The server has moved on; the page needs a fresh start.